Map: Temple of the Past

Players

MattBarry

  • Race: Terran Terran
  • League: Gold
  • Spawn Location: 0:00

MattBarry

  • Race: Zerg Zerg

VOD

Have the link to the VOD?

Description

Time

  • Played on: Jan. 15, 2023, 8:15 p.m.
  • Length: 8:42
Show
View Real Time Build Order
Export as new Build Order

MattBarry Terran 

Build Orders:  

Get SALT Encoding   

  12  0:02  SCV  
  13  0:16  SCV  
  14  0:25  Supply Depot  
  14  0:31  SCV  
  15  0:49  Refinery  
  15  0:54  SCV  
  16  1:03  Factory  
  16  1:08  SCV  
  17  1:22  SCV  
  17  1:26  Supply Depot  
  18  1:35  SCV  
  19  1:49  SCV  
  20  2:02  SCV  
  20  2:04  Factory Tech Reactor  
  20  2:06  Refinery  
  21  2:17  SCV  
  22  2:23  Devastation Turret  
  22  2:31  SCV  
  23  2:40  Siege Tank  
  23  2:46  SCV  
  27  2:59  SCV  
  27  3:05  Supply Depot  
  28  3:13  Devastation Turret  
  28  3:24  SCV  
  29  3:35  Siege Tank  
  32  3:46  SCV  
  32  3:48  Supply Depot  
  33  4:09  SCV  
  34  4:31  SCV  
  34  4:35  Siege Tank x2  
  41  4:42  Supply Depot  
  41  4:44  SCV  
  41  4:45  Supply Depot  
  42  5:07  Siege Tank  
  42  5:14  SCV  
  39  5:32  Perdition Turret  
  42  5:47  SCV  
  43  6:02  Hellbat x2  
  43  6:03  Perdition Turret  
  43  6:05  Command Center  
  43  6:06  Infernal Pre-Igniter  
  47  6:18  Supply Depot  
  47  6:30  Devastation Turret  
  47  6:31  SCV  
  48  6:43  Perdition Turret  
  48  6:45  Perdition Turret  
  48  6:46  Siege Tank x2  
  41  7:24  Siege Tank  
  38  7:38  Hellbat x2  
  39  7:50  Siege Tank x2  
  39  7:53  SCV  
  43  8:00  Factory  
  43  8:03  Factory  
Show
View Real Time Build Order
Export as new Build Order

MattBarry Zerg 

Build Orders:  

Get SALT Encoding   

  18  0:04  Primal Drone  
  19  0:11  Primal Drone  
  19  0:19  Primal Drone  
  21  0:26  Primal Drone  
  22  0:34  Primal Drone  
  23  0:49  Primal Drone  
  24  0:54  Extractor  
  24  0:55  Extractor  
  24  1:18  Primal Warden  
  25  1:29  Primal Drone  
  26  1:30  Primal Drone  
  26  1:39  Primal Drone  
  28  1:57  Primal Drone  
  29  2:28  Primal Drone  
  30  2:31  Primal Attacks Level 1  
  30  2:36  Glevig's Den  
  29  2:41  Primal Warden  
  29  2:46  Primal Drone  
  31  2:51  Primal Drone  
  32  3:11  Primal Drone  
  33  3:33  Primal Drone  
  33  3:34  Primal Drone  
  35  4:17  Primal Drone  
  35  4:18  Primal Drone x2  
  38  4:33  Primal Hydralisk x3  
  38  4:34  Primal Hydralisk x3  
  38  4:37  Primal Drone  
  51  5:01  Primal Hive  
  51  5:09  Primal Drone  
  57  5:10  Primal Drone  
  57  5:14  Primal Carapace Level 1  
  58  5:35  Impaler x3  
  58  5:39  Primal Drone  
  56  5:40  Primal Drone  
  57  5:56  Murvar's Den  
  56  6:17  Primal Warden  
  57  6:32  Primal Drone x3  
  60  6:42  Primal Drone x3  
  57  7:18  Primal Drone x2  
  56  7:31  Primal Roach  
  56  7:32  Primal Roach x5  
  56  7:33  Primal Roach x4  
  76  7:56  Primal Roach x3  
  76  7:57  Primal Roach x2  
Tags
 
Commander
DehakaSwann
League
Gold
Matchup
Co-op
Replay Pack
Multiplayer
Add a new tag
Caveats
  • Supply blocks, unpowered buildings, or Contaminate may cause inaccurate times.
  • Supply counts are checked every 10 seconds.